 Dungeon Crawl Stone Soup version 0.30-a0-341-g682706514a (webtiles) character file.

Game seed: 7195378759667612862

58 Darkkill the Shooter (level 3, -7/31 HPs)
             Began as a Minotaur Hunter on Nov 3, 2022.
             Was a Believer of Zin.
             Killed by divine providence
             ... invoked by an orc priest
              (9 damage)
             ... on level 3 of the Dungeon.
             The game lasted 00:01:46 (1554 turns).

Darkkill the Shooter (Minotaur Hunter)              Turns: 1554, Time: 00:01:46

Health: -7/31      AC:  4    Str: 15    XL:     3   Next: 75%
Magic:  2/2        EV: 13    Int:  6    God:    Zin [**....]
Gold:   91         SH:  0    Dex: 21    Spells: 2/2 levels left

rFire   . . .      SeeInvis +    a - +0 shortbow
rCold   . . .      Faith    .    (shield currently unavailable)
rNeg    . . .      Spirit   .    c - +0 leather armour
rPois   .          Reflect  .    (helmet restricted)
rElec   .          Harm     .    (no cloak)
rCorr   .          Rampage  .    f - +0 pair of gloves
Will    .....                    (no boots)
Stlth   ++........               (no amulet)
HPRegen 0.25/turn                h - +6 ring of dexterity
MPRegen 0.08/turn                e - ring of see invisible

@: no status effects
A: horns 2, retaliatory headbutt
a: Renounce Religion, Recite, Vitalisation, Donate Gold


You were on level 3 of the Dungeon.
You worshipped Zin.
Zin was pleased with you.
You visited 1 branch of the dungeon, and saw 3 of its levels.

You collected 101 gold pieces.
You donated 10 gold pieces to Zin.

Inventory:

Hand Weapons
 a - a +0 shortbow (weapon)
Missiles
 d - 14 stones
 l - 5 poisoned darts
Armour
 c - a +0 leather armour (worn)
 f - a +0 pair of gloves (worn)
Jewellery
 e - a ring of see invisible (right hand)
 h - a +6 ring of dexterity (left hand)
 i - a ring of wizardry
Scrolls
 b - 2 scrolls of immolation
 g - a scroll of brand weapon {unknown}
 k - a scroll of teleportation {unknown}
Potions
 j - a potion of lignification {unknown}
 n - a potion of brilliance
 o - a potion of curing {@q1}


   Skills:
 + Level 3.2 Fighting
 + Level 4.8 Ranged Weapons
 + Level 2.9 Dodging
 + Level 1.7 Stealth


You had 2 spell levels left.
You didn't know any spells.
Your spell library was empty.

Dungeon Overview and Level Annotations

Branches:
Dungeon (3/15)

Altars:
Zin

Shops:
D:2 (([


Innate Abilities, Weirdness & Mutations

You have a pair of horns on your head.
You reflexively headbutt those who attack you in melee.


Message History

Done exploring.
Done exploring.
No target in view!
Done exploring.
No target in view!
Done exploring.
No target in view!
As you read the scroll labelled FOROMM OTZIO, it crumbles to dust.
It is a scroll of amnesia.
You feel forgetful for a moment.
As you read the scroll labelled RAJEOT ZOET, it crumbles to dust.
A profound silence engulfs you.
It was a scroll of silence.
Magic scrolls do not work when you're silenced!
You start waiting.
Your hearing returns.
As you read the scroll of identify {@r1}, it crumbles to dust.
n - a potion of brilliance
As you read the scroll of identify {@r1}, it crumbles to dust.
o - a potion of curing Your library has no spells.
There is a stone staircase leading down here.
You climb downwards.
Found 7 gold pieces.
There is a stone staircase leading up here.
You now have 88 gold pieces (gained 3).
Found a stone staircase leading up.
A giant cockroach comes into view.
You see here 4 gold pieces.
You shoot an arrow. The arrow hits the giant cockroach.
The giant cockroach is severely wounded.
A giant cockroach is nearby!
You shoot an arrow.
The arrow hits the giant cockroach but does no damage.
The giant cockroach is severely wounded.
A giant cockroach is nearby!
You shoot an arrow. The arrow hits the giant cockroach!
You kill the giant cockroach!
You pay a tithe of 1 gold.
You now have 91 gold pieces (gained 3).
g - a scroll labelled BAESIZ KUOCS No target in view!
k - a scroll labelled USOQYECR GAROA No target in view!
An orc comes into view. It is wielding a +0 club.
The orc shouts!
An orc comes into view. It is wielding a +0 mace.
You shoot an arrow. The arrow hits the orc.
The orc is heavily wounded.
You shoot an arrow. The arrow barely misses the orc.
An orc priest comes into view. It is wielding a +0 club.
There are monsters nearby!
There are monsters nearby!
You shoot an arrow. The arrow hits the orc!
You kill the orc!
There are monsters nearby!
You shoot an arrow. The arrow barely misses the orc.
The arrow hits the orc priest.
The orc priest is moderately wounded.
You shoot an arrow. The arrow closely misses the orc.
The arrow barely misses the orc priest.
The orc priest mumbles some strange prayers to Beogh against you.
Beogh smites you!
There are monsters nearby!
There are monsters nearby!
You are too injured to fight recklessly!
You are too injured to fight recklessly!
There are monsters nearby!
There are monsters nearby!
You are too injured to fight recklessly!
You are too injured to fight recklessly!
There are monsters nearby!
Fire: a) +0 shortbow
Press: ? - help, Q - select action, (/) - cycle Shift-Dir - straight line, f/p - orc
Aim: an orc, wielding a +0 mace (65% to hit)
You shoot an arrow. The arrow barely misses the orc.
The arrow closely misses the orc priest.
An orc comes into view. It is wielding a +0 hand axe.
The orc priest invokes the aid of Beogh against you.
Beogh smites you!
* * * LOW HITPOINT WARNING * * *
The orc shouts!
Fire: a) +0 shortbow
Press: ? - help, Q - select action, (/) - cycle Shift-Dir - straight line, f/p - orc
Aim: an orc, wielding a +0 mace (65% to hit)
You shoot an arrow. The arrow hits the orc.
The orc is moderately wounded.
The orc hits you with a +0 mace. Zin protects you from harm!
Fire: a) +0 shortbow
Press: ? - help, Q - select action, (/) - cycle Shift-Dir - straight line, f/p - orc
Aim: an orc, wielding a +0 mace (moderately wounded, 65% to hit)
You shoot an arrow. The arrow closely misses the orc.
The orc misses you. The orc hits you but does no damage.
Fire: a) +0 shortbow
Press: ? - help, Q - select action, (/) - cycle Shift-Dir - straight line, f/p - orc
Aim: an orc, wielding a +0 mace (moderately wounded, 65% to hit)
You shoot an arrow. The arrow hits the orc!
You kill the orc!
The orc priest mumbles some strange prayers to Beogh against you.
Beogh smites you!
You die...

#..# #.†# #########..###
### #.............
...#####.########..#.
#...................
#..............<..#.
#.####.####.###########.
#.....)@....#
#.###.o###### ....#
#..).. #..o. ..... ....
.###


You could see an orc priest and an orc.

Vanquished Creatures
  2 adders (D:2)
  A dart slug (D:2)
  2 orcs (D:3)
  3 giant cockroaches
  4 goblins
  2 hobgoblins
  2 jackals (D:2)
  3 kobolds
  5 quokkas
  A ball python (D:1)
  3 bats
  3 frilled lizards
  5 rats
36 creatures vanquished.

Notes
Turn   | Place    | Note
-------+----------+-------------------------------------------
     0 | D:1      | Darkkill the Minotaur Hunter began the quest for the Orb.
     0 | D:1      | Reached XP level 1. HP: 18/18 MP: 0/0
   235 | D:1      | Reached skill level 1 in Stealth
   271 | D:1      | Reached XP level 2. HP: 24/25 MP: 1/1
   888 | D:2      | Found a faded altar of an unknown god.
   904 | D:2      | Reached XP level 3. HP: 19/31 MP: 2/2
   909 | D:2      | Prayed at the altar of an unknown god.
   909 | D:2      | Became a worshipper of Zin the Law-Giver
   909 | D:2      | Reached * piety under Zin
  1017 | D:2      | Found Ciboinoewn's Antique Weapon Boutique.
  1053 | D:2      | Found Usymud's Antique Armour Shop.
  1118 | D:2      | Reached ** piety under Zin
  1299 | D:2      | Found Bulen's Antique Weapon Shop.
  1551 | D:3      | HP: 1/31 [orc priest/divine providence (15)]
  1552 | D:3      | Zin protects you from harm!
  1554 | D:3      | Killed from afar by an orc priest

Illustrated notes

Levels and vault maps discovered:
D:1:      minmay_arrival_checkered_box, layout_basic, minmay_split_cup_small
D:2:      layout_loops_ring, ebering_ecumenical_altar_webs, serial_shops,
          shop_fountains, nicolae_shop_advertising_works
          [nicolae_subvault_shop_adworks], nicolae_square_shop
D:3:      layout_basic, nicolae_concentric_dashed_squares_mild,
          minmay_randomly_rotated_circles

Skill      XL: |  1  2 |
---------------+-------+-----
Stealth        | 1 |  1.7
Fighting       | 3 |  3.2
Ranged Weapons | |  4.8
Dodging        | |  2.9

Action                   || total
-------------------------++-------
 Fire: Shortbow          ||    91
  Use: Scroll            ||     6
Armor: Leather armour    ||     8
Dodge: Dodged            ||    18

Table legend: (Time is in decaauts)
 A = Elapsed time spent in this place.
 B = Non-inter-level travel time spent in this place.
 C = Inter-level travel time spent in this place.
 D = Time resting spent in this place.
 E = Time spent auto-exploring this place.
 F = Levels seen in this place.
 G = Mean time per level.
                   A        B        C        D        E       F      G
               +--------+--------+--------+--------+--------+-----+--------+
         Total |   1579 |   1498 |     81 |     26 |   1264 |   3 |  526.3 |
       Dungeon |   1579 |   1498 |     81 |     26 |   1264 |   3 |  526.3 |
               +--------+--------+--------+--------+--------+-----+--------+

Top non-repeatable levels by time:
     D:1: 807 daAuts
     D:2: 724 daAuts
     D:3: 47 daAuts

Table legend:
 A = Kills in this place as a percentage of kills in entire the game.
 B = Kills by you in this place as a percentage of kills by you in the entire game.
 C = Kills by friends in this place as a percentage of kills by friends in the entire game.
 D = Other kills in this place as a percentage of other kills in the entire game.
 E = Experience gained in this place as a percentage of experience gained in the entire game.
 F = Experience gained in this place divided by the number of levels of this place that you have seen.
                   A       B       C       D       E      F
               +-------+-------+-------+-------+-------+----------------------
         Total | 100.0 | 100.0 |   N/A |   N/A | 100.0 |  28.7
       Dungeon | 100.0 | 100.0 |   N/A |   N/A | 100.0 |  28.7
               +-------+-------+-------+-------+-------+----------------------
